 Dungeon Crawl Stone Soup version 0.17-a0-1635-gd4e48f1 (webtiles) character file.

183 urechis the Insei (level 5, -3/28 HPs)
             Began as a Vine Stalker Transmuter on Aug 4, 2015.
             Slain by an ogre
             ... wielding a +0 giant club
              (12 damage)
             ... on level 3 of the Dungeon.
             The game lasted 00:03:35 (2402 turns).

urechis the Insei (Vine Stalker Transmuter)         Turns: 2402, Time: 00:03:36

Health: -3/28      AC:  2    Str: 12    XL:     5   Next: 62%
Magic:  0/9        EV: 12    Int: 13    God:
Gold:   222        SH:  0    Dex: 16    Spells: 1 memorised, 7 levels left

rFire  . . .     SeeInvis .       - Unarmed
rCold  . . .     Clarity  .     b - +0 robe
rNeg   . . .     SustAt   .     (no shield)
rPois  .         Gourm    .     (no helmet)
rElec  .         Spirit   +     (no cloak)
rCorr  .         Warding  .     (no gloves)
rMut   .         Stasis   .     (boots currently unavailable)
MR     .....                    (no amulet)
Stlth  +.........               (no ring)
                                (no ring)

@: appendage (expiring), not resistant to hostile enchantments, very unstealthy
A: fangs 2, talons 3, regeneration 1, magic shield, antimagic bite, no device
heal 3, rot immunity
a: End Transformation


You were on level 3 of the Dungeon.
You were very hungry.
You had grown temporary talons.
You visited 1 branch of the dungeon, and saw 4 of its levels.

You collected 222 gold pieces.

Inventory:

Missiles
 a - 56 arrows
 o - 3 arrows of frost
Armour
 b - a +0 robe (worn)
Scrolls
 e - 3 scrolls of identify {unknown}
 f - a scroll of enchant armour {unknown}
 i - 2 scrolls of blinking {unknown}
 m - 2 scrolls of remove curse {unknown}
 n - 2 scrolls of magic mapping {unknown}
 q - a scroll of teleportation {unknown}
 s - a scroll of enchant weapon {unknown}
 t - a scroll of random uselessness {unknown}
Potions
 g - 2 potions of might {unknown}
 h - 2 potions of haste {unknown}
 j - a potion of lignification {unknown}
 p - a potion of agility {unknown}
 r - a potion of poison {unknown}
Books
 c - a book of Changes

   Spells                             Type                      Level
   a - Beastly Appendage              Transmutation                1
   b - Sticks to Snakes               Transmutation                2
   c - Spider Form                    Transmutation/Poison         3
   d - Ice Form                       Ice/Transmutation            4
   e - Blade Hands                    Transmutation                5
Comestibles
 d - 4 bread rations
 k - 3 fruits
 l - a meat ration


   Skills:
 + Level 2.9 Fighting
 - Level 1.5 Dodging
 * Level 5.1 Unarmed Combat
 - Level 2.1 Spellcasting
 - Level 2.0 Transmutations


You had 7 spell levels left.
You knew the following spells:

 Your Spells              Type           Power        Failure   Level  Hunger
a - Beastly Appendage     Trmt           #.....       12%         1    ##.....


Dungeon Overview and Level Annotations

Branches:
Dungeon (4/15)
 Temple: D:4-7

Altars:
Trog
The Shining One

Annotations:
D:4 Alipheese's ghost, average NaMo


Innate Abilities, Weirdness & Mutations

You have extremely sharp teeth.
Your natural rate of healing is unusually fast.
When hurt, damage is shared between your health and your magic reserves.
Your bite disrupts and absorbs the magic of your enemies.
Potions and wands cannot restore your health.
You are immune to rotting.
You have claws for feet.


Message History

Casting: Beastly Appendage
Confirm with . or Enter, or press ? or * to list all spells.
Your feet morph into talons.
You hit the ogre but do no damage. You claw the ogre.
You bite the ogre, but do no damage.
The ogre is lightly wounded.
The ogre hits you with a giant club!
You barely miss the ogre. You claw the ogre. You bite the ogre.
You drain its power.
You feel invigorated.
The ogre is moderately wounded.
You are feeling very hungry.
The ogre hits you with a giant club!
* * * LOW HITPOINT WARNING * * *
You hit the ogre. You bite the ogre, but do no damage.
The ogre is heavily wounded.
Your transformation is almost over.
You punch the ogre! You claw the ogre.
The ogre is severely wounded.
The ogre hits you with a giant club!
You die...

#......................#.#
#......................#.#
#...........##.....#####.#
#...........######## #.#
#.....>.....# #.#
##..........# #.#
#..........# #.#
#..........############.#
#.........@O..........#.#
#..........########.###.#
############ #.# #.# #.#
#.# #.# #.# #.# #.# #.#
#.# #.###.# #.....#


You could see an ogre.

Vanquished Creatures
  An orc priest (D:3)
  Jessica (D:3)
  4 adders
  2 oozes (D:1)
  A worm (D:3)
  A giant gecko (D:1)
  6 orcs (D:3)
  8 giant cockroaches
  9 hobgoblins
  2 jackals (D:1)
  7 kobolds
  10 bats
  4 giant newts
  8 goblins
  7 rats
71 creatures vanquished.

Notes
Turn   | Place    | Note
--------------------------------------------------------------
     0 | D:1      | urechis the Vine Stalker Transmuter began the quest for the Orb.
     0 | D:1      | Reached XP level 1. HP: 9/9 MP: 4/4
    21 | D:1      | Reached skill level 1 in Fighting
    39 | D:1      | Reached XP level 2. HP: 8/14 MP: 3/6
   562 | D:1      | Reached XP level 3. HP: 15/18 MP: 5/7
   973 | D:2      | Reached skill level 4 in Unarmed Combat
  1146 | D:2      | Found a glowing golden altar of the Shining One.
  1259 | D:2      | Reached XP level 4. HP: 21/23 MP: 6/8
  1739 | D:3      | Noticed Jessica
  1748 | D:3      | Killed Jessica
  1748 | D:3      | Reached XP level 5. HP: 25/27 MP: 7/9
  1810 | D:3      | Reached skill level 5 in Unarmed Combat
  2128 | D:3      | Found a bloodstained altar of Trog.
  2346 | D:4      | Noticed an ogre
  2346 | D:4      | Noticed Alipheese's ghost (average NaMo)
  2402 | D:3      | Slain by an ogre

Vault maps used:
D:1:      tarquinn_simple_flora_water_a
D:2:      nicolae_tso_swordbearing_angel
D:3:      lightli_temple_of_fire, uniq_jessica
D:4:      grunt_dithmenos_smoke, okawaru_metal_pillars_3

Action                   |  1- 3 |  4- 6 || total
-------------------------+-------+-------++-------
Melee: Unarmed           |   139 |   108 ||   247
 Cast: Beastly Appendage |       |     3 ||     3
 Stab: Sleeping          |       |     1 ||     1
  Eat: Chunk             |     1 |     3 ||     4
